 Dungeon Crawl Stone Soup version 0.25-a0-294-gea9b1ad378 (webtiles) character file.

Game seed: 1195153049612233520, levelgen mode: deterministic

2596 MoonlitKnight the Magician (level 9, -1/70 HPs)
             Began as a Gnoll Skald on Dec 16, 2019.
             Slain by a troll (7 damage)
             ... on level 7 of the Dungeon.
             The game lasted 00:22:06 (7920 turns).

MoonlitKnight the Magician (Gnoll Skald)            Turns: 7920, Time: 00:22:07

Health: -1/70      AC: 10    Str: 15    XL:     9   Next: 59%
Magic:  16/19      EV: 12    Int: 18    God:
Gold:   622        SH:  5    Dex: 14    Spells: 10/21 levels left

rFire    . . .     SeeInvis .   a - +1 trident
rCold    . . .     Gourm    .   s - +0 buckler
rNeg     . . .     Faith    .   I - +0 scale mail
rPois    .         Spirit   .   (no helmet)
rElec    .         Reflect  .   (no cloak)
rCorr    +         Harm     .   q - +0 pair of gloves
MR       .....                  (no boots)
Stlth    +.........             (no amulet)
HPRegen  0.21/turn              G - ring of resist corrosion
MPRegen  0.16/turn              E - +2 ring of protection

@: no status effects
A: distributed training, fangs 1, strong nose
a: no special abilities


You were on level 7 of the Dungeon.
You were hungry.

You visited 2 branches of the dungeon, and saw 8 of its levels.
You also visited: Ossuary.

You collected 622 gold pieces.

Inventory:

Hand Weapons
 a - a +1 trident (weapon)
 b - a +0 hunting sling
Missiles
 l - 70 sling bullets
 u - 22 poisoned darts (quivered)
 y - 13 curare-tipped darts
Armour
 g - a +0 shield
 p - a +0 ring mail
 q - a +0 pair of gloves (worn)
 s - a +0 buckler (worn)
 I - a +0 scale mail (worn)
Jewellery
 o - an uncursed ring of wizardry
 t - an uncursed amulet of harm
 z - an uncursed amulet of guardian spirit
 E - a +2 ring of protection (right hand)
 G - a ring of resist corrosion (left hand)
 H - an uncursed ring of protection from cold
 J - an uncursed ring of see invisible {unknown}
Wands
 D - a wand of flame (22)
 F - a wand of random effects (18)
Scrolls
 c - 5 scrolls of remove curse
 e - a scroll of fog
 f - a scroll of enchant armour {unknown}
 i - 6 scrolls of teleportation
 r - a scroll of magic mapping
Potions
 h - a potion of haste {unknown}
 k - 3 potions of heal wounds
 m - 2 potions of ambrosia {unknown}
 n - a potion of resistance
 v - 3 potions of agility {unknown}
 w - 8 potions of curing {unknown}
 x - 3 potions of brilliance {unknown}
 A - 2 potions of invisibility {unknown}
 B - 2 potions of might {unknown}
 C - a potion of flight {unknown}
Comestibles
 d - 14 rations
 j - 2 chunks of flesh


   Skills:
 + Level 6.3 Fighting
 + Level 4.3 Short Blades
 + Level 4.3 Long Blades
 + Level 4.3 Axes
 + Level 4.3 Maces & Flails
 + Level 6.3 Polearms
 + Level 4.3 Staves
 + Level 4.3 Slings
 + Level 4.3 Bows
 + Level 4.3 Crossbows
 + Level 4.3 Throwing
 + Level 5.1 Armour
 + Level 6.3 Dodging
 + Level 4.3 Stealth
 + Level 4.3 Shields
 + Level 4.3 Unarmed Combat
 + Level 6.7 Spellcasting
 + Level 3.5 Conjurations
 + Level 3.5 Hexes
 + Level 6.6 Charms
 + Level 3.5 Summonings
 + Level 3.5 Necromancy
 + Level 3.5 Translocations
 + Level 3.5 Transmutations
 + Level 3.5 Fire Magic
 + Level 3.5 Ice Magic
 + Level 3.5 Air Magic
 + Level 3.5 Earth Magic
 + Level 3.5 Poison Magic
 + Level 4.7 Invocations
 + Level 4.3 Evocations


You had 10 spell levels left.
You knew the following spells:

 Your Spells              Type           Power        Failure   Level  Hunger
a - Infusion              Chrm           ####         2%          1    None
b - Shroud of Golubria    Chrm/Tloc      ###...       8%          2    None
c - Spectral Weapon       Hex/Chrm       ###.....     14%         3    ##.....
d - Regeneration          Chrm/Necr      ###.......   14%         3    ##.....
e - Song of Slaying       Chrm           ####....     4%          2    None

Your spell library contained the following spells:

 Spells                   Type           Power        Failure   Level  Hunger


Dungeon Overview and Level Annotations

Branches:
Dungeon (7/15)             Temple (1/1) D:6         Ossuary (visited)

Altars:
Ashenzari
Cheibriados
Dithmenos
Elyvilon
Fedhas
Gozag
Hepliaklqana
Kikubaaqudgha
Makhleb
Nemelex Xobeh
Ru
Sif Muna
Trog
Uskayaw
Vehumet
Wu Jian
Xom
Yredelemnul
The Shining One
Beogh

Annotations:
D:4 1 runed translucent door, Crazy Yiuf


Innate Abilities, Weirdness & Mutations

Your experience applies equally to all skills.
You have very sharp teeth.
Your uncanny sense of smell can sniff out nearby items.


Message History

The troll completely misses you. The troll closely misses you.
Your skin is crawling a little less now.
You see here a knobbly glowing staff.
Your skin stops crawling.
Your magical contamination has completely faded away.
The troll bites you but does no damage. The troll claws you.
* * * LOW HITPOINT WARNING * * *
The troll claws you but does no damage.
You see here an adder skeleton.
You block the troll's attack. The troll claws you.
* * * LOW HITPOINT WARNING * * *
The troll misses you.
You see here a war axe.
You feel much better. The troll bites you! The troll claws you! x2
* * * LOW HITPOINT WARNING * * *
As you read the scroll of fog, it crumbles to dust.
The scroll dissolves into smoke.
The troll bites you!
* * * LOW HITPOINT WARNING * * *
The troll closely misses you. The troll claws you!
You die...

#### ...#
########### ##.#
########
#.......>.# ### #.#
#....÷.#
#.#######.# #..
##.####.####.# #.#
#.# #.# ##
........# #.#
#.#######.# #.# #.
##.###### #.#
#§§§...##.# #.# #.
#.# #)#
#§§###.##.###.###.
#.# ######.###@§#
#.#.......... #.#
#........§T§§#
#.#)......... ##.#
#.####...###§#
#.#)####..[K<
...##.............#
#.#.# #.##.#
#####..####...#####
#..)# #.###. #..#
##.## ##### #.# .
#..# #.# #.. . #..#
#.# ### . #..# #.#
.


You could see a troll.

Vanquished Creatures
  A troll (D:4)
  3 orc warriors (D:6)
  A sky beast (D:7)
  2 phantoms
  5 ogres
  2 centaurs (D:5)
  Blork the orc (D:6)
  A bullfrog (D:7)
  2 scorpions
  3 howler monkeys
  3 hounds
  2 orc priests (D:6)
  2 jellies (D:5)
  A bullfrog skeleton (D:6)
  5 orc wizards
  Jessica (D:3)
  2 iguanas
  3 worker ants
  A big kobold zombie (Ossuary)
  9 mummies
  3 gnolls (D:4)
  8 adders
  2 adder skeletons (D:4)
  2 worms
  4 dart slugs
  3 leopard geckos
  27 orcs
  5 giant cockroaches
  10 goblins
  13 hobgoblins
  8 jackals
  4 quokkas
  A ball python (D:4)
  6 bats
  4 frilled lizards
  A gnoll zombie (Ossuary)
  A goblin zombie (D:4)
  6 hobgoblin zombies
  A jackal skeleton (D:4)
  8 kobolds
  A kobold zombie (Ossuary)
  A quokka skeleton (D:5)
  A quokka zombie (D:5)
  9 rats
  A butterfly (D:5)
180 creatures vanquished.

Vanquished Creatures (others)
  3 spectral weapons
3 creatures vanquished.

Grand Total: 183 creatures vanquished

Notes
Turn   | Place    | Note
-------+----------+-------------------------------------------
     0 | D:1      | MoonlitKnight the Gnoll Skald began the quest for the Orb.
     0 | D:1      | Reached XP level 1. HP: 20/20 MP: 6/6
   188 | D:1      | Reached XP level 2. HP: 26/26 MP: 7/7
   611 | D:1      | Reached XP level 3. HP: 30/31 MP: 9/9
   663 | D:1      | Reached skill level 5 in Spellcasting
   965 | D:2      | Reached skill level 1 in Invocations
  1142 | D:2      | Learned a level 2 spell: Shroud of Golubria
  1146 | D:2      | Learned a level 3 spell: Spectral Weapon
  1150 | D:2      | Learned a level 3 spell: Regeneration
  1153 | D:2      | Learned a level 2 spell: Song of Slaying
  1155 | D:2      | Found a faded altar of an unknown god.
  1428 | D:2      | Reached skill level 1 in Short Blades
  1428 | D:2      | Reached skill level 1 in Long Blades
  1428 | D:2      | Reached skill level 1 in Axes
  1428 | D:2      | Reached skill level 1 in Maces & Flails
  1428 | D:2      | Reached skill level 1 in Staves
  1428 | D:2      | Reached skill level 1 in Slings
  1428 | D:2      | Reached skill level 1 in Bows
  1428 | D:2      | Reached skill level 1 in Crossbows
  1428 | D:2      | Reached skill level 1 in Throwing
  1428 | D:2      | Reached skill level 1 in Stealth
  1428 | D:2      | Reached skill level 1 in Shields
  1428 | D:2      | Reached skill level 1 in Unarmed Combat
  1428 | D:2      | Reached skill level 1 in Evocations
  1437 | D:2      | Reached XP level 4. HP: 35/38 MP: 6/11
  1566 | D:2      | Found a sacrificial altar of Ru.
  1721 | D:3      | Noticed Jessica
  1837 | D:3      | Killed Jessica
  1837 | D:3      | Reached skill level 1 in Conjurations
  1837 | D:3      | Reached skill level 1 in Hexes
  1837 | D:3      | Reached skill level 1 in Summonings
  1837 | D:3      | Reached skill level 1 in Necromancy
  1837 | D:3      | Reached skill level 1 in Translocations
  1837 | D:3      | Reached skill level 1 in Transmutations
  1837 | D:3      | Reached skill level 1 in Fire Magic
  1837 | D:3      | Reached skill level 1 in Ice Magic
  1837 | D:3      | Reached skill level 1 in Air Magic
  1837 | D:3      | Reached skill level 1 in Earth Magic
  1837 | D:3      | Reached skill level 1 in Poison Magic
  1939 | D:3      | Found an ornate altar of the Wu Jian Council.
  2041 | D:3      | Reached XP level 5. HP: 38/43 MP: 12/12
  2574 | D:4      | Found a sand-covered staircase.
  2591 | Ossuary  | Entered an ossuary
  2617 | Ossuary  | Reached XP level 6. HP: 32/50 MP: 1/13
  3037 | Ossuary  | Reached skill level 5 in Fighting
  3037 | Ossuary  | Reached skill level 5 in Polearms
  3037 | Ossuary  | Reached skill level 5 in Dodging
  3536 | D:4      | Found an ancient bone altar of Kikubaaqudgha.
  3591 | D:4      | Reached XP level 7. HP: 40/56 MP: 15/15
  3957 | D:4      | Found a runed translucent door.
  3958 | D:4      | Noticed Crazy Yiuf
  4422 | D:4      | You fall into a shaft and drop 3 floors!
  4524 | D:5      | Entered Level 5 of the Dungeon
  4947 | D:5      | Reached XP level 8. HP: 63/63 MP: 11/16
  4975 | D:5      | Noticed a troll
  5345 | D:5      | Found a basalt altar of Yredelemnul.
  5400 | D:5      | HP: 1/63 [troll (4)]
  5809 | D:4      | Killed a troll
  6114 | D:5      | Found a radiant altar of Vehumet.
  6343 | D:5      | Found a shimmering altar of Xom.
  6404 | D:6      | Noticed Blork the orc
  6415 | D:6      | Killed Blork the orc
  6415 | D:6      | Reached XP level 9. HP: 67/69 MP: 13/18
  6728 | D:6      | Identified the cursed +1 leather armour of Qeb Illo {Dex+2}
  6882 | D:6      | Found a staircase to the Ecumenical Temple.
  6903 | Temple   | Entered the Ecumenical Temple
  7376 | D:6      | Found a runed translucent door.
  7453 | D:6      | Reached skill level 5 in Armour
  7538 | D:6      | Found a roughly hewn altar of Beogh.
  7865 | D:7      | Noticed a troll
  7920 | D:7      | Slain by a troll

Levels and vault maps discovered:
D:1:      enne_arrival_octagon_isle, layout_basic, minmay_hexomino_c4
D:2:      cheibrodos_greedy_goblins, layout_loops_ring,
          nicolae_ru_path_of_blood, chequers_ecumenical_altar_simple
D:3:      layout_rooms, lemuel_doored_altar, ebering_dispersal_statue_hall,
          uniq_jessica
D:4:      layout_loops_corners, kiku_gazebo_pond_becter,
          nicolae_ossuary_entry_giza, kennysheep_small_circle,
          uniq_crazy_yiuf_cottage
D:5:      layout_loops_cross, xom_butterflies, vehumet_altar_wand_db,
          nicolae_overflow_crystal_walls, first_ration, minmay_misc_feat_iff,
          nrook_mini_vaults
D:6:      layout_loops_ring, minmay_temple_entry_nine_rooms,
          lightli_church_of_beogh, uniq_blork_the_orc
D:7:      layout_loops_ring
Temple:   dshaligram_water_room_temple

Skill      XL: |  1  2  3  4  5  6  7  8  9 |
---------------+----------------------------+-----
Spellcasting   | 5 6 |  6.7
Invocations    | 1 2 3 4 |  4.7
Short Blades   | 1 2 3 4 |  4.3
Long Blades    | 1 2 3 4 |  4.3
Axes           | 1 2 3 4 |  4.3
Maces & Flails | 1 2 3 4 |  4.3
Staves         | 1 2 3 4 |  4.3
Slings         | 1 2 3 4 |  4.3
Bows           | 1 2 3 4 |  4.3
Crossbows      | 1 2 3 4 |  4.3
Throwing       | 1 2 3 4 |  4.3
Stealth        | 1 2 3 4 |  4.3
Shields        | 1 2 3 4 |  4.3
Unarmed Combat | 1 2 3 4 |  4.3
Evocations     | 1 2 3 4 |  4.3
Conjurations   | 1 2 3 |  3.5
Hexes          | 1 2 3 |  3.5
Summonings     | 1 2 3 |  3.5
Necromancy     | 1 2 3 |  3.5
Translocations | 1 2 3 |  3.5
Transmutations | 1 2 3 |  3.5
Fire Magic     | 1 2 3 |  3.5
Ice Magic      | 1 2 3 |  3.5
Air Magic      | 1 2 3 |  3.5
Earth Magic    | 1 2 3 |  3.5
Poison Magic   | 1 2 3 |  3.5
Armour         | 3 4 5 |  5.1
Fighting       | 5 6 |  6.3
Polearms       | 5 6 |  6.3
Dodging        | 5 6 |  6.3
Charms         | 6 |  6.6

Action                   |  1- 3 |  4- 6 |  7- 9 || total
-------------------------+-------+-------+-------++-------
Melee: Spear             |   168 |   244 |   104 ||   516
       Bite              |    11 |    29 |    38 ||    78
       Trident           |       |       |   291 ||   291
 Fire: Hunting sling     |       |       |     3 ||     3
Throw: Dart              |       |     2 |       ||     2
 Cast: Spectral Weapon   |     1 |     6 |    17 ||    24
       Shroud of Golubri |     1 |     4 |    18 ||    23
       Infusion          |       |     1 |     2 ||     3
       Regeneration      |       |       |     6 ||     6
       Song of Slaying   |       |       |     1 ||     1
  Use: Scroll            |       |     3 |     9 ||    12
       Potion            |       |       |     1 ||     1
 Stab: Sleeping          |       |     2 |     3 ||     5
       Distracted        |       |     1 |       ||     1
  Eat: Chunk             |     2 |     5 |    14 ||    21
       Ration            |       |     1 |       ||     1
Armor: Ring mail         |    31 |    41 |    70 ||   142
       Leather armour    |     1 |       |       ||     1
       Chain mail        |     2 |       |       ||     2
       Scale mail        |       |       |    27 ||    27
Dodge: Dodged            |    77 |    95 |   232 ||   404
Block: Buckler           |     2 |    32 |    75 ||   109

Table legend:
 A = Non-vault XP
 B = Vault XP
 C = Vault XP percentage of total XP
 D = Non-vault monster count
 E = Vault monster count
 F = Vault count percentage of total count
                 A         B        C        D         E       F
            +---------+---------+-------+---------+---------+-------
      Total |    2791 |     918 |  24.8 |     116 |      63 |  35.2
            +---------+---------+-------+---------+---------+-------
        D:1 |      37 |       3 |   7.5 |      24 |       2 |   7.7
        D:2 |      34 |      23 |  40.4 |      15 |      12 |  44.4
        D:3 |      54 |      37 |  40.7 |      15 |       1 |   6.2
        D:4 |     967 |      79 |   7.6 |      24 |       5 |  17.2
        D:5 |     884 |       1 |   0.1 |      22 |       1 |   4.3
        D:6 |     540 |     597 |  52.5 |       9 |      26 |  74.3
        D:7 |     275 |       0 |   0.0 |       7 |       0 |   0.0
    Ossuary |       0 |     178 | 100.0 |       0 |      16 | 100.0
            +---------+---------+-------+---------+---------+-------
